 Dungeon Crawl Stone Soup version 0.16-a0-890-g98fc465 (webtiles) character file.

3062 RobertPalmer the Nimble (level 9, -21/51 HPs)
             Began as an Octopode Venom Mage on Sept 29, 2014.
             Killed from afar by a centaur (22 damage)
             ... with an exploding inner flame
             ... hexed by the player character
             ... on Level 7 of the Dungeon.
             The game lasted 00:18:47 (7882 turns).

RobertPalmer the Nimble (Octopode Venom Mage)       Turns: 7882, Time: 00:18:47

HP -21/51        AC  1     Str  8      XL: 9   Next: 88%
MP   7/14        EV 21     Int 22      God:
Gold 172         SH  0     Dex 15      Spells:  3 memorised,  6 levels left

rFire  . . .     SeeInvis .     a - +0 great sword
rCold  . . .     Clarity  .     (no shield)
rNeg   . . .     rCorr    .     (helmet restricted)
rPois  .         rRot     .     (no amulet)
rElec  .         Spirit   .     (no ring)
SustAb .         Warding  .     (no ring)
rMut   .         Stasis   .     (no ring)
Gourm  .                        (no ring)
MR     .....                    (no ring)
                                (no ring)
                                (no ring)
                                (no ring)

@: brilliant, lethally poisoned, very slightly contaminated, not resistant to
hostile enchantments, fairly stealthy
A: almost no armour, amphibious, 8 rings, constrict 8, camouflage 1, gelatinous
body 1
a: no special abilities


You were on level 7 of the Dungeon.
You were very hungry.

You visited 2 branches of the dungeon, and saw 8 of its levels.

You collected 280 gold pieces.
You spent 108 gold pieces at shops.


Innate Abilities, Weirdness & Mutations

You cannot wear most types of armour.
You are amphibious.
You can wear up to eight rings at the same time.
You can use your tentacles to constrict many enemies at once.
Your skin changes colour to match your surroundings (Stealth).
Your rubbery body absorbs attacks (AC +1).


   Skills:
 - Level 7.0 Long Blades
   Level 1.9 Polearms
 + Level 13.1 Dodging
 - Level 2.6 Stealth
 - Level 2.0 Spellcasting
 - Level 3.6 Conjurations
 - Level 4.8 Poison Magic


You had 6 spell levels left.
You knew the following spells:

 Your Spells              Type           Power        Failure   Level  Hunger
c - Mephitic Cloud        Conj/Pois/Air  ####....     1%          3    ###....
z - Sting                 Conj/Pois      ####         1%          1    #......
Z - Cure Poison           Pois           #####.....   1%          2    ##.....

Inventory:

Hand weapons
 a - a +0 great sword (weapon)
Missiles
 l - 30 poisoned needles
Magical devices
 p - a wand of paralysis (5)
Comestibles
 c - 2 bread rations
 g - 2 slices of pizza
 i - a beef jerky
 o - 2 meat rations
 z - a royal jelly
Scrolls
 d - 3 scrolls of immolation {!r}
 f - 2 scrolls of enchant weapon
 v - 3 scrolls of remove curse
Jewellery
 k - an uncursed ring of fire
Potions
 e - a potion of brilliance
Books
 b - a Young Poisoner's Handbook

Dungeon Overview and Level Annotations

Branches:
Dungeon (7/15)             Temple (1/1) D:4

Altars:
Cheibriados
Elyvilon
Fedhas
Makhleb
Nemelex Xobeh
Okawaru
Sif Muna
Xom
Zin
The Shining One

Shops:
D:4 * D:5

* ,,,,,,,,,....(.....##+###..#
#,..
,,,,,,,,..........(##.####.###...
,,,,,,,,.........####...).......#
,,,,,,,,........c#########..##(#.
,,,,,,,,.........##§§§## ##.#*,#.
,,,,,,,,.........##§#§## #.##,#.
,,,,,,,,......§§§##§#§## #..#.#.
,,,,,,,,......§§§##§#§######.#.#.
,,,,,,,,......§§@##§#§#..........
,,,,,,,,......§§§##§#.#.####.....
,,,,,,,,,......§§##§#.#.# ##....
,,,,,,,,,........##§#§#.#####..##
,,,,,,,,,........##.#.#.#........
,,,,,,,,,,.......##.#.#.#........
*,,,******,..######§#.#.#........
**********,,.* ##§#.#.#........
,,,,,,,,,+,,,* ##§#.#.#.####>..


You could see a centaur.


Message History

You feel sick. The adder closely misses you. The orc wizard closely misses you.
Unknown command.
Drink which item? (? for menu, Esc to quit)
You feel refreshed.
It was a potion of restore abilities.
* * * LOW HITPOINT WARNING * * *
You feel sick. The adder barely misses you.
The centaur unwields an uncursed shortbow.
The centaur misses you. The orc wizard barely misses you.
The adder barely misses you.
The crimson imp blinks!
Read which item? (? for menu, Esc to quit)
Really read
d - 4 scrolls of immolation {!r}?
As you read the scroll of immolation {!r}, it crumbles to dust.
The creatures around you are filled with an inner flame!
* * * LOW HITPOINT WARNING * * *
You feel sick. The orc wizard misses you. The centaur hits you.
* * * LOW HITPOINT WARNING * * *
The adder barely misses you. The centaur misses you.
The orc wizard hits you with a dagger.
* * * LOW HITPOINT WARNING * * *
Unknown command.
You slash the adder!
The adder explodes!
The fiery explosion engulfs the orc wizard.
The orc wizard explodes!
The fiery explosion engulfs the orc.
The orc explodes!
The fiery explosion engulfs the centaur.
The centaur explodes!
The fiery explosion engulfs you!
You die...

Action                   |  1- 3 |  4- 6 |  7- 9 || total
-------------------------+-------+-------+-------++-------
Melee: Unarmed           |    54 |    16 |       ||    70
       Falchion          |       |    53 |    78 ||   131
       Halberd           |       |    14 |       ||    14
       Great sword       |       |       |    72 ||    72
Throw: Throwing net      |       |       |     3 ||     3
 Cast: Sting             |    39 |    56 |    44 ||   139
       Cure Poison       |       |       |     1 ||     1
       Mephitic Cloud    |       |       |     5 ||     5
Evoke: Wand              |       |    14 |    13 ||    27
  Use: Scroll            |       |     5 |     9 ||    14
       Potion            |       |       |     7 ||     7
 Stab: Sleeping          |     2 |     5 |    10 ||    17
       Paralysed         |       |     3 |     8 ||    11
       Distracted        |       |     1 |       ||     1
  Eat: Chunk             |     3 |    10 |     9 ||    22
       Pizza             |       |       |     1 ||     1

Vault maps used:
D:1:      minmay_arrival_statue_studded, grunt_decor_fettered,
          minmay_box_of_dots
D:2:      serial_park_square1, xom_teletrap_fun, led_sif_pool,
          hangedman_feature_mirror
D:3:      first_bread, uniq_sigmund
D:4:      minmay_temple_entry_purple_smoke, serial_shops, shop,
          roderic_serpentine_path, uniq_natasha
D:5:      lemuel_doored_altar, zin_purify
D:6:      kennysheep_little_box
D:7:      lemuel_ice_spiral_2, lemuel_crystal_altar, grunt_livestock, uniq_iyjb
Temple:   nicolae_temple_hex_pool_5

Notes
Turn   | Place    | Note
--------------------------------------------------------------
     0 | D:1      | RobertPalmer, the Octopode Venom Mage, began the quest for the Orb.
     0 | D:1      | Reached XP level 1. HP: 11/11 MP: 3/3
     2 | D:1      | Learned a level 1 spell: Sting
   184 | D:1      | Reached skill level 1 in Conjurations
   345 | D:1      | Reached XP level 2. HP: 17/17 MP: 1/4
   857 | D:2      | Reached skill level 2 in Conjurations
  1068 | D:2      | Found a shimmering altar of Xom.
  1415 | D:2      | Reached XP level 3. HP: 6/21 MP: 1/6
  1713 | D:2      | Reached skill level 3 in Conjurations
  1723 | D:2      | Learned a level 2 spell: Cure Poison
  1727 | D:2      | Learned a level 3 spell: Mephitic Cloud
  1941 | D:2      | Found a deep blue altar of Sif Muna.
  1967 | D:2      | Reached XP level 4. HP: 16/27 MP: 2/7
  2316 | D:3      | Noticed Sigmund
  2504 | D:3      | Reached skill level 1 in Long Blades
  3386 | D:3      | Killed Sigmund
  3386 | D:3      | Reached skill level 3 in Long Blades
  3386 | D:3      | Reached XP level 5. HP: 31/31 MP: 9/9
  3808 | D:4      | Found Fiaroduj's Assorted Antiques.
  3814 | D:4      | Bought a runed copper wand for 108 gold pieces
  4002 | D:4      | Found a staircase to the Ecumenical Temple.
  4023 | D:4      | Reached skill level 4 in Long Blades
  4023 | D:4      | Reached XP level 6. HP: 36/36 MP: 8/10
  4152 | Temple   | Entered the Ecumenical Temple
  4266 | D:4      | Reached skill level 1 in Polearms
  4314 | D:4      | Paralysed by an orc for 4 turns
  4439 | D:4      | Noticed Natasha
  4446 | D:4      | Killed Natasha
  4503 | D:4      | Noticed a phantom
  4527 | D:4      | Killed a phantom
  4527 | D:4      | Reached skill level 5 in Long Blades
  4527 | D:4      | Reached XP level 7. HP: 15/41 MP: 12/12
  4947 | D:4      | Noticed Natasha
  4953 | D:4      | Killed Natasha
  5052 | D:5      | Entered Level 5 of the Dungeon
  5107 | D:5      | Found Zin's Purification Station.
  5114 | D:5      | Found a glowing silver altar of Zin.
  5378 | D:5      | Reached skill level 6 in Long Blades
  5506 | D:5      | Reached skill level 7 in Long Blades
  5629 | D:5      | Found a sparkling altar of Nemelex Xobeh.
  5905 | D:6      | Reached XP level 8. HP: 44/46 MP: 8/13
  6060 | D:6      | Reached skill level 3 in Dodging
  6074 | D:6      | Reached skill level 4 in Dodging
  6606 | D:6      | Reached skill level 5 in Dodging
  7168 | D:6      | Found a snail-covered altar of Cheibriados.
  7217 | D:6      | Reached skill level 6 in Dodging
  7546 | D:7      | Reached skill level 7 in Dodging
  7830 | D:7      | Noticed Ijyb
  7844 | D:7      | Killed Ijyb
  7877 | D:7      | Reached skill level 13 in Dodging
  7877 | D:7      | Identified a potion of experience
  7877 | D:7      | Reached XP level 9. HP: 7/51 MP: 6/14
  7880 | D:7      | HP: 4/51 [poison (a potion of poison)]
  7881 | D:7      | HP: 1/51 [orc wizard/dagger (1)]
  7882 | D:7      | Killed from afar by a centaur

Vanquished Creatures
  2 ice beasts (D:5)
  2 phantoms
  An orc warrior (D:6)
  An ogre (D:6)
  Sigmund (D:3)
  A jelly (D:6)
  5 wights (D:6)
  2 crimson imps (D:5)
  A goliath beetle (D:6)
  An iguana (D:7)
  2 orc priests
  2 hounds
  3 orc wizards
  Natasha (twice) (D:4)
  2 worker ants
  Ijyb (D:7)
  A hound skeleton (D:6)
  3 gnolls (D:4)
  A scorpion zombie (D:6)
  A worker ant zombie (D:6)
  7 adders
  4 worms
  3 giant geckos
  16 orcs
  A ball python (D:2)
  A bat zombie (D:5)
  4 giant cockroaches
  7 hobgoblins
  An ooze (D:6)
  2 quokkas
  11 bats
  4 giant newts
  12 goblins
  A hobgoblin zombie (D:5)
  11 kobolds
  2 orc skeletons
  12 rats
  2 rat skeletons (D:4)
136 creatures vanquished.
